 Dungeon Crawl Stone Soup version 0.29-a0-451-gfbfa42419e (webtiles) character file.

Game seed: 17982106318750076329

8920 Pelinal the Covert (level 11, -5/54 HPs)
             Began as a Deep Elf Fire Elementalist on May 20, 2022.
             Was a Follower of Vehumet.
             Slain by Josephine the snapping turtle (12 damage)
             ... on level 10 of the Dungeon.
             The game lasted 00:33:28 (14864 turns).

Pelinal the Covert (Deep Elf Fire Elementalist)    Turns: 14864, Time: 00:33:28

Health: -5/54      AC: 10    Str:  5    XL:     11   Next: 16%
Magic:  3/23       EV: 18    Int: 25    God:    Vehumet [*.....]
Gold:   384        SH:  0    Dex: 21    Spells: 1/24 levels left

rFire   . . .      SeeInvis .   f - +3 dagger (venom)
rCold   . . .      Faith    .   (no shield)
rNeg    . . .      Spirit   .   N - +0 steam dragon scales
rPois   .          Reflect  .   P - +1 helmet
rElec   .          Harm     .   h - +1 cloak
rCorr   .          Rampage  .   (no gloves)
Will    .....                   H - +0 pair of boots
Stlth   +++++.....              (no amulet)
HPRegen 0.18/turn               d - +6 ring of dexterity
MPRegen 0.18/turn               (no ring)

@: weak-willed
A: no striking features
a: Renounce Religion


You were on level 10 of the Dungeon.
You worshipped Vehumet.
Vehumet was aware of your devotion.
You visited 2 branches of the dungeon, and saw 11 of its levels.
You also visited: Sewer and Ossuary.

You collected 540 gold pieces.
You spent 156 gold pieces at shops.

Inventory:

Hand Weapons
 f - a +3 dagger of venom (weapon)
 z - a +0 shortbow of freezing
Missiles
 E - a throwing net
 M - 6 poisoned darts
Armour
 a - a +0 robe
 h - a +1 cloak (worn)
 n - a +0 kite shield
 H - a +0 pair of boots (worn)
 N - +0 steam dragon scales (worn)
 P - a +1 helmet (worn)
 R - +0 acid dragon scales
Jewellery
 d - a +6 ring of dexterity (left hand)
 s - an amulet of guardian spirit
 Q - a ring of flight
Wands
 p - a wand of flame (2)
 B - a wand of polymorph (10)
 J - a wand of iceblast (6)
 K - a wand of charming (8)
 S - a wand of digging (9)
Scrolls
 e - a scroll of brand weapon
 i - a scroll of acquirement {unknown}
 j - 4 scrolls of enchant armour
 k - 2 scrolls of torment {unknown}
 l - 4 scrolls of enchant weapon
 m - 2 scrolls of immolation {unknown}
 o - 2 scrolls of teleportation
 r - 2 scrolls of vulnerability
 t - a scroll of magic mapping {unknown}
 w - a scroll of summoning {unknown}
 y - 2 scrolls of blinking {unknown}
 C - a scroll of fog
 G - a scroll of noise {unknown}
Potions
 b - a potion of invisibility {unknown}
 c - 2 potions of resistance {unknown}
 g - 3 potions of might
 q - 6 potions of lignification
 x - 2 potions of degeneration {unknown}
 A - 2 potions of ambrosia {unknown}
 D - 2 potions of brilliance
 F - 4 potions of flight
 I - a potion of cancellation {unknown}
 L - 2 potions of attraction {unknown}
 O - a potion of mutation {unknown}


   Skills:
 + Level 5.1 Throwing
 + Level 8.4 Dodging
 + Level 9.2 Stealth
 - Level 7.3 Spellcasting
 - Level 7.6 Conjurations
 + Level 7.8 Hexes
 - Level 8.6 Fire Magic
 - Level 5.0 Evocations


You had one spell level left.
You knew the following spells:

 Your Spells              Type           Power      Damage    Failure   Level
a - Foxfire               Conj/Fire      100%       2x1d9     1%          1
b - Scorch                Fire           100%       2d10      1%          2
c - Conjure Flame         Conj/Fire      50%        6-21      1%          3
d - Flame Wave            Conj/Fire      50%        2d10      2%          4
e - Sticky Flame          Conj/Fire      50%        2d7       2%          4
f - Tukima's Dance        Hex            48%        N/A       1%          3
g - Inner Flame           Hex/Fire       50%        N/A       1%          3
h - Mephitic Cloud        Conj/Pois/Air  21%        N/A       7%          3

Your spell library contained the following spells:

 Spells                   Type           Power      Damage    Failure   Level
 Freeze                   Ice            36%        1d6       7%          1
 Magic Dart               Conj           100%       1d8       1%          1
 Sting                    Tmut/Pois      36%        1d4       7%          1
 Ensorcelled Hibernation  Hex/Ice        56%        N/A       1%          2
 Searing Ray              Conj           94%        2d7       1%          2
 Static Discharge         Conj/Air       28%        N/A       1%          2
 Fulminant Prism          Conj/Hex       23%        3d13      2%          4
 Portal Projectile        Hex/Tloc       56%        N/A       3%          3
 Call Imp                 Summ           9%         N/A       10%         2
 Poisonous Vapours        Pois/Air       18%        N/A       10%         2
 Anguish                  Hex/Necr       14%        N/A       13%         4
 Spider Form              Tmut/Pois      9%         N/A       21%         3
 Lightning Bolt           Conj/Air       14%        1d27      36%         5
 Airstrike                Air            4%         N/A       54%         4
 Dispel Undead            Necr           9%         3d8       54%         4
 Olgreb's Toxic Radiance  Pois           9%         N/A       54%         4
 Summon Lightning Spire   Summ/Air       9%         N/A       54%         4
 Blade Hands              Tmut           4%         N/A       88%         5


Dungeon Overview and Level Annotations

Branches:
Dungeon (10/15)            Temple (1/1) D:6            Lair (0/6) D:10
  Sewer (visited)         Ossuary (visited)
    Orc: D:9-12

Altars:
Ashenzari
Cheibriados
Dithmenos
Elyvilon
Fedhas
Gozag
Hepliaklqana
Kikubaaqudgha
Makhleb
Nemelex Xobeh
Okawaru
Qazlal
Ru
Sif Muna
Trog
Uskayaw
Vehumet
Wu Jian
Xom
Yredelemnul
Zin
The Shining One
Beogh

Shops:
D:1 *   D:5 !

Annotations:
D:3 1 runed translucent door, DarkSlayer6995's ghost, weakling DrFE
D:4 3 runed translucent doors, exclusion: 3 doors, CityDog's ghost, amateur DsFi
D:7 1 transporter
D:10 Amaemon; Josephine


Message History

Unknown command.
Unknown command.
Aiming: Charm
Press: ? - help, Shift-Dir - straight line, f - Josephine
Aim: Josephine, wielding a +3 dagger of venom and wearing a +1 robe of willpower (severely wounded, weak-willed, chance to affect: 35%)
Okay, then.
Aiming: Polymorph
Press: ? - help, Shift-Dir - straight line, f - Josephine
Aim: Josephine, wielding a +3 dagger of venom and wearing a +1 robe of willpower (severely wounded, weak-willed, will become a merfolk, a troll, or a snapping turtle, chance to affect: 35%) Josephine evaporates and reforms as a snapping turtle!
* * * LOW HITPOINT WARNING * * *
You feel very sick. The wraith barely misses you. Josephine closely misses you.
Unknown command.
Unknown command.
Unknown command.
You feel much better.
You feel very sick. The wraith barely misses you.
Josephine completely misses you. The wraith barely misses you.
Unknown command.
Unknown command.
Unknown command.
You feel better. Josephine bites you but does no damage.
The wraith hits you but does no damage. Josephine bites you!!
* * * LOW HITPOINT WARNING * * *
Unknown command.
Unknown command.
Josephine bites you but does no damage. The wraith hits you.
* * * LOW HITPOINT WARNING * * *
Unknown command.
Okay, then.
Casting: Flame Wave (dangerous; 2% risk of failure)
Confirm with . or Enter, or press ? or * to list all spells.
The fire begins to smoulder!
You feel yourself speed up. Josephine bites you from afar.
* * * LOW HITPOINT WARNING * * *
Josephine bites you from afar!
You die...

#...# ##).# ######..###
#.........# #.....W...#
#.........# ##########
#.........# #...))))).
##########tW####)########
#.......@ยง..........#
#########.........#.........#
..................#.........#
..................##........#
..................##..##.####
.....................>##.#
.....<............######.#
..................'......#
..................########


You could see Josephine the snapping turtle and a wraith (weak-willed).

Vanquished Creatures
  Erica (D:9)
  An orange demon (D:10)
  A gargoyle (D:10)
  2 komodo dragons (D:10)
  A troll (D:10)
  2 wyverns (D:10)
  4 wraiths (D:10)
  A basilisk (D:10)
  A yak (D:9)
  Eustachio (D:5)
  A steam dragon (D:8)
  2 acid dragons (D:10)
  A water moccasin (D:8)
  3 orc warriors
  2 ice beasts
  2 black bears (D:5)
  A sky beast (D:6)
  2 ogres
  5 centaurs
  A phantom (D:4)
  2 elf zombies (D:5)
  2 bullfrogs (D:7)
  3 necrophages
  2 elf skeletons (D:5)
  2 scorpions
  12 wights
  8 howler monkeys
  5 centaur zombies (Ossuary)
  5 jellies
  6 hounds
  4 gnoll shamans
  2 orc priests
  4 iguanas
  A human skeleton (D:5)
  7 orc wizards
  Natasha (thrice) (D:2)
  A merfolk siren (Sewer)
  A merfolk avatar (Sewer)
  Ijyb (D:5)
  A centaur simulacrum (D:9)
  4 mummies (Ossuary)
  16 gnolls
  3 adders
  3 shadow imps
  3 white imps
  3 worms
  A dart slug (D:1)
  31 orcs
  9 ball pythons
  9 bats
  13 endoplasms
  6 giant cockroaches
  7 hobgoblins
  3 jackals (D:1)
  4 quokkas
  11 frilled lizards
  8 goblins
  4 hobgoblin zombies (Ossuary)
  8 kobolds
  An orc zombie (D:5)
  25 rats
279 creatures vanquished.

Vanquished Creatures (collateral kills)
  A two-headed ogre (D:10)
  A centaur (D:9)
  2 wights (D:8)
4 creatures vanquished.

Vanquished Creatures (others)
  A two-headed ogre (D:8)
  A dancing weapon (D:10)
  518 foxfires
520 creatures vanquished.

Grand Total: 803 creatures vanquished

Notes
Turn   | Place    | Note
-------+----------+-------------------------------------------
     0 | D:1      | Pelinal the Deep Elf Fire Elementalist began the quest for
                  | the Orb.
     0 | D:1      | Reached XP level 1. HP: 10/10 MP: 6/6
   210 | D:1      | Reached XP level 2. HP: 15/15 MP: 4/8
   460 | D:1      | Learned a level 2 spell: Scorch
   511 | D:1      | Found Sextapal's Assorted Antiques.
   954 | D:1      | Reached XP level 3. HP: 19/19 MP: 6/9
  1627 | D:2      | Noticed Natasha
  1634 | D:2      | Killed Natasha
  1638 | D:2      | Reached XP level 4. HP: 24/24 MP: 2/11
  2194 | D:2      | Noticed Natasha
  2201 | D:2      | Killed Natasha
  2334 | D:2      | Noticed Natasha
  2336 | D:2      | Killed Natasha
  2670 | D:3      | Reached XP level 5. HP: 23/28 MP: 4/13
  3092 | D:3      | Reached skill level 5 in Fire Magic
  3242 | D:3      | Learned a level 3 spell: Conjure Flame
  3547 | D:3      | Found a faded altar of an unknown god.
  3838 | D:3      | Reached XP level 6. HP: 24/32 MP: 3/14
  4019 | D:3      | Found a runed translucent door.
  4019 | D:3      | Noticed DarkSlayer6995's ghost (weakling DrFE)
  4360 | D:4      | Found a runed translucent gate.
  4360 | D:4      | Found a runed translucent gate.
  4360 | D:4      | Found a runed translucent gate.
  4361 | D:4      | Found an opulent altar of Gozag.
  4370 | D:4      | Noticed CityDog's ghost (amateur DsFi)
  4601 | D:4      | Learned a level 4 spell: Flame Wave
  4606 | D:4      | Learned a level 4 spell: Sticky Flame
  4686 | D:4      | Reached skill level 5 in Spellcasting
  5146 | D:4      | Reached XP level 7. HP: 24/36 MP: 6/17
  5599 | D:5      | Entered Level 5 of the Dungeon
  5607 | D:5      | Reached skill level 5 in Conjurations
  5888 | D:5      | Found Yffeqyur's Distillery.
  5968 | D:5      | Noticed Eustachio
  5977 | D:5      | Killed Eustachio
  6003 | D:5      | Noticed Ijyb
  6007 | D:5      | Killed Ijyb
  6042 | D:5      | Reached XP level 8. HP: 41/41 MP: 4/19
  6132 | D:5      | Found a sand-covered staircase.
  6147 | Ossuary  | Entered an ossuary
  6881 | D:5      | Bought a potion of brilliance for 52 gold pieces
  6883 | D:5      | Bought a potion of magic for 104 gold pieces
  6943 | D:5      | Learned a level 3 spell: Tukima's Dance
  7076 | D:5      | Reached skill level 1 in Hexes
  7274 | D:6      | Reached XP level 9. HP: 45/45 MP: 10/21
  7494 | D:6      | Reached skill level 5 in Hexes
  7585 | D:6      | Found a glowing drain.
  7601 | Sewer    | Entered a sewer
  8344 | D:6      | Found a hazy altar of Hepliaklqana.
  8355 | D:6      | Reached skill level 3 in Stealth
  8508 | D:6      | Found a staircase to the Ecumenical Temple.
  8518 | Temple   | Entered the Ecumenical Temple
  8679 | Temple   | Became a worshipper of Vehumet
  8970 | D:6      | Reached skill level 4 in Stealth
  9252 | D:7      | Found a transporter.
  9256 | D:7      | Noticed a kobold demonologist
  9269 | D:7      | Found a transporter.
  9982 | D:7      | Reached skill level 1 in Evocations
  9994 | D:7      | Reached skill level 5 in Stealth
 10285 | D:7      | Reached skill level 5 in Dodging
 10880 | D:8      | Noticed a two-headed ogre
 10899 | D:8      | Reached skill level 1 in Throwing
 10899 | D:8      | Reached skill level 6 in Stealth
 11164 | D:8      | Reached * piety under Vehumet
 11164 | D:8      | Offered knowledge of Sandblast by Vehumet.
 11165 | D:8      | Reached XP level 10. HP: 17/50 MP: 12/22
 12016 | D:9      | Noticed Erica
 12029 | D:9      | Killed Erica
 12030 | D:9      | Reached skill level 7 in Stealth
 12688 | D:10     | Entered Level 10 of the Dungeon
 12715 | D:10     | Noticed a two-headed ogre
 12730 | D:10     | Killed a two-headed ogre
 12731 | D:10     | Reached skill level 5 in Evocations
 12904 | D:10     | Reached skill level 8 in Stealth
 13182 | D:10     | Noticed a gargoyle
 13192 | D:10     | Killed a gargoyle
 13508 | D:10     | Learned a level 3 spell: Inner Flame
 14199 | D:10     | Reached XP level 11. HP: 46/54 MP: 18/23
 14276 | D:10     | Found a staircase to the Lair.
 14309 | D:10     | Offered knowledge of Freeze by Vehumet.
 14404 | D:10     | Learned a level 3 spell: Mephitic Cloud
 14665 | D:10     | Noticed Amaemon
 14674 | D:10     | Reached skill level 9 in Stealth
 14675 | D:10     | Reached skill level 5 in Throwing
 14675 | D:10     | Noticed Josephine
 14857 | D:10     | Noticed Josephine
 14857 | D:10     | Josephine changed into Josephine the snapping turtle
 14857 | D:10     | HP: 1/54 [poisoned by Josephine]
 14864 | D:10     | Slain by Josephine the snapping turtle

Illustrated notes

Levels and vault maps discovered:
D:1:      minmay_arrival_radiant_lines, layout_loops_cross, serial_shops,
          nicolae_square_shop, minmay_crystal_room
D:2:      layout_basic, uniq_natasha
D:3:      layout_loops_ring, dreamdust_ecumenical_altar_statues,
          hellmonk_ghost_happy_afterlife, kennysheep_orc_chapel
D:4:      layout_gridville, ebering_ghost_gozag
D:5:      layout_basic, nicolae_ossuary_entry_catacombs, serial_shops,
          nicolae_shop_hallway_stairs, hangedman_decor_peaks_small,
          dreamdust_princess_bridge, grunt_decor_fettered, uniq_ijyb,
          uniq_eustachio
D:6:      layout_loops_ring, mainiacjoe_overflow_tiny_flanked,
          minmay_temple_entry_drinking_statues, gup_sewer_entry_pipe
D:7:      gammafunk_wand_slinger, layout_basic
D:8:      minmay_recursive_quarters, layout_basic
D:9:      gammafunk_corrupted_shrine, layout_layer_cave, serial_ice,
          serial_ice_a, serial_ice_i, serial_ice_o, serial_ice_n, serial_ice_g,
          serial_ice_d, serial_ice_c, uniq_erica
D:10:     layout_basic, erik_lair_dragon, uniq_josephine, uniq_amaemon
Temple:   regret_index_temple_sigil_plot

Skill      XL: |  1  2  3  4  5  6  7  8  9 10 11 |
---------------+----------------------------------+-----
Conjurations   | 2 3 4 6 7 |  7.6
Fire Magic     | 4 5 6 7 8 |  8.6
Spellcasting   | 4 5 6 7 |  7.3
Hexes          | 3 6 7 |  7.8
Dodging        | 5 8 |  8.4
Stealth        | 6 8 9 |  9.2
Evocations     | 3 5 |  5.0
Throwing       | 1 4 5 |  5.1

Action                   |  1- 3 |  4- 6 |  7- 9 | 10-12 || total
-------------------------+-------+-------+-------+-------++-------
Melee: Dagger            |    18 |    38 |    38 |     2 ||    96
 Fire: Shortbow          |       |       |     3 |       ||     3
Throw: Throwing net      |       |       |       |     1 ||     1
 Cast: Foxfire           |    61 |    28 |   132 |    87 ||   308
       Scorch            |    10 |    44 |   116 |    48 ||   218
       Conjure Flame     |       |     2 |    16 |    13 ||    31
       Sticky Flame      |       |     2 |     2 |     2 ||     6
       Flame Wave        |       |     1 |     3 |     6 ||    10
       Tukima's Dance    |       |       |     2 |    14 ||    16
       Inner Flame       |       |       |       |     2 ||     2
       Mephitic Cloud    |       |       |       |     1 ||     1
Evoke: Wand              |       |       |     3 |     4 ||     7
  Use: Scroll            |       |     1 |     8 |     3 ||    12
       Potion            |       |     1 |     3 |     6 ||    10
 Stab: Sleeping          |       |     2 |     3 |     1 ||     6
Armor: Robe              |     7 |    17 |    23 |       ||    47
       Steam dragon scal |       |       |     1 |    16 ||    17
Dodge: Dodged            |    19 |    38 |    63 |    43 ||   163

Table legend: (Time is in decaauts)
 A = Elapsed time spent in this place.
 B = Non-inter-level travel time spent in this place.
 C = Inter-level travel time spent in this place.
 D = Time resting spent in this place.
 E = Time spent auto-exploring this place.
 F = Levels seen in this place.
 G = Mean time per level.
                   A        B        C        D        E       F      G
               +--------+--------+--------+--------+--------+-----+--------+
         Total |  14929 |  14080 |    849 |   4002 |   7512 |  13 | 1148.4 |
       Dungeon |  13760 |  12976 |    784 |   3492 |   7250 |  10 | 1376.0 |
        Temple |    182 |    117 |     65 |      0 |     99 |   1 |  182.0 |
         Sewer |    609 |    609 |      0 |    348 |     17 |   1 |  609.0 |
       Ossuary |    377 |    377 |      0 |    162 |    146 |   1 |  377.0 |
               +--------+--------+--------+--------+--------+-----+--------+

Top non-repeatable levels by time:
    D:10: 2180 daAuts
     D:4: 1628 daAuts
     D:3: 1557 daAuts
     D:2: 1502 daAuts
     D:7: 1473 daAuts
     D:6: 1325 daAuts
     D:1: 1202 daAuts
     D:8: 1140 daAuts
     D:5: 1033 daAuts
     D:9: 717 daAuts
   Sewer: 609 daAuts
 Ossuary: 377 daAuts
  Temple: 182 daAuts
